Map: Goldene Säulen LE

Players

GunGFuBanDa - Winner!

  • Race: Protoss Protoss
  • League: Master
  • Spawn Location: 1:00

AGOElazer (Elazer)

  • Race: Zerg Zerg
  • League: Grandmaster
  • Spawn Location: 7:00

Event: StayAtHome Story Cup #3

VOD

Have the link to the VOD?

Description

Time

  • Played on: March 11, 2021, 8:58 a.m.
  • Length: 22:01

All games in this series

Show
View Real Time Build Order
Export as new Build Order

GunGFuBanDa Protoss - Winner!

Build Orders: 1 Gate Expand, Oracle Opening 

Get SALT Encoding   

  12  0:00  Probe  
  13  0:12  Probe  
  14  0:18  Pylon  
  14  0:24  Probe (Chrono Boost)  
  15  0:37  Probe (Chrono Boost)  
  15  0:39  Gateway  
  16  0:44  Probe (Chrono Boost)  
  16  0:48  Assimilator  
  17  0:51  Probe  
  18  1:04  Probe  
  19  1:22  Nexus  
  19  1:32  Cybernetics Core  
  19  1:34  Probe (Chrono Boost)  
  20  1:41  Assimilator  
  20  1:44  Probe (Chrono Boost)  
  21  1:49  Probe (Chrono Boost)  
  21  1:53  Pylon  
  22  2:01  Probe (Chrono Boost)  
  23  2:11  Adept (Chrono Boost)  
  23  2:13  Probe (Chrono Boost)  
  26  2:19  Probe (Chrono Boost), Stargate  
  27  2:24  Warp Gate  
  27  2:28  Probe  
  28  2:34  Probe  
  29  2:38  Stalker (Chrono Boost)  
  29  2:40  Probe  
  32  2:46  Probe  
  33  2:52  Probe  
  34  2:58  Probe  
  34  3:02  Oracle (Chrono Boost)  
  34  3:04  Probe  
  39  3:10  Probe  
  40  3:16  Probe  
  41  3:21  Gateway  
  41  3:22  Probe  
  42  3:28  Probe, Pylon  
  42  3:29  Oracle (Chrono Boost)  
  46  3:39  Pylon  
  46  3:46  Probe x2  
  48  3:55  Nexus  
  48  3:58  Probe x2  
  48  3:59  Pylon  
  50  4:04  Assimilator  
  50  4:10  Probe x2, Assimilator  
  50  4:13  Stargate  
  52  4:22  Probe  
  56  4:24  Oracle  
  56  4:35  Adept x2  
  57  4:46  Probe x2  
  55  4:58  Probe  
  55  4:59  Gateway  
  56  5:02  Gateway, Adept x2  
  56  5:05  Pylon  
  60  5:07  Pylon  
  60  5:09  Probe  
  60  5:10  Nexus  
  60  5:11  Pylon  
  61  5:21  Oracle x2 (Chrono Boost)  
  61  5:24  Pylon  
  61  5:25  Pylon  
  67  5:31  Probe  
  67  5:32  Probe  
  69  5:36  Shield Battery  
  69  5:44  Probe (Chrono Boost)  
  70  5:50  Oracle x2  
  70  5:54  Probe (Chrono Boost)  
  70  5:55  Forge  
  70  5:56  Probe (Chrono Boost)  
  78  5:58  Pylon  
  80  6:04  Probe (Chrono Boost)  
  80  6:05  Probe (Chrono Boost), Twilight Council  
  80  6:09  Probe (Chrono Boost)  
  80  6:10  Probe  
  82  6:20  Stalker, Sentry  
  82  6:23  Probe (Chrono Boost)  
  82  6:25  Probe (Chrono Boost)  
  89  6:26  Probe (Chrono Boost)  
  89  6:28  Protoss Ground Weapons Level 1 (Chrono Boost)  
  89  6:30  Gateway  
  89  6:32  Gateway  
  90  6:34  Probe (Chrono Boost)  
  90  6:36  Probe (Chrono Boost)  
  90  6:37  Probe (Chrono Boost)  
  90  6:39  Probe (Chrono Boost)  
  92  6:41  Blink (Chrono Boost)  
  92  6:43  Robotics Facility  
  92  6:44  Probe  
  92  6:46  Probe  
  95  6:49  Assimilator  
  95  6:51  Probe  
  95  6:54  Assimilator  
  96  6:55  Pylon  
  96  6:59  Probe  
  96  7:00  Probe  
  98  7:04  Gateway x2  
  95  7:10  Gateway  
  89  7:24  Probe  
  89  7:25  Stalker  
  89  7:26  Stalker x4  
  89  7:27  Shield Battery  
  89  7:29  Photon Cannon  
  100  7:36  Immortal (Chrono Boost)  
  100  7:42  Probe  
  100  7:44  Probe  
  106  7:49  Photon Cannon  
  106  7:52  Pylon  
  106  7:55  Pylon  
  106  7:56  Pylon, Stalker x2, Sentry x2  
  114  7:58  Robotics Bay  
  114  8:05  Photon Cannon  
  114  8:08  Observer (Chrono Boost)  
  114  8:12  Stalker  
  117  8:13  Zealot, Stalker  
  117  8:18  Pylon  
  120  8:27  Protoss Ground Weapons Level 2 (Chrono Boost)  
  120  8:29  Immortal (Chrono Boost)  
  120  8:30  Probe  
  125  8:35  Charge  
  125  8:39  Stalker x4  
  133  8:44  Nexus  
  133  8:45  Photon Cannon  
  133  8:47  Shield Battery  
  133  8:48  Pylon  
  133  9:02  Disruptor (Chrono Boost)  
  132  9:16  Stalker x5  
  132  9:17  Stalker  
  144  9:23  Probe  
  145  9:25  Photon Cannon  
  145  9:26  Photon Cannon  
  145  9:29  Disruptor (Chrono Boost)  
  132  9:47  Stalker x4  
  132  9:48  Zealot x5  
  146  9:56  Disruptor (Chrono Boost)  
  145  10:08  Probe x2  
  145  10:09  Probe x2  
  145  10:13  Templar Archives  
  149  10:17  Assimilator  
  149  10:19  Sentry  
  149  10:20  Zealot x6  
  163  10:26  Immortal (Chrono Boost)  
  167  10:35  Protoss Ground Weapons Level 3 (Chrono Boost)  
  161  10:49  Stalker, Sentry x2  
  165  10:50  Zealot x3, Stalker x2  
  175  10:58  Assimilator  
  175  11:01  Immortal (Chrono Boost)  
  175  11:03  Photon Cannon  
  179  11:04  Photon Cannon  
  179  11:06  Pylon  
  173  11:20  High Templar x4  
  173  11:21  Zealot x5  
  185  11:25  Gateway  
  185  11:26  Gateway  
  185  11:27  Probe  
  185  11:31  Warp Prism (Chrono Boost)  
  185  11:32  Archon x2  
  188  11:42  Psionic Storm  
  188  11:49  Zealot x4  
  188  11:53  Pylon x2  
  196  11:54  Dark Shrine  
  194  12:21  Disruptor (Chrono Boost)  
  165  12:29  High Templar x2  
  169  12:30  High Templar x2  
  169  12:31  Zealot x7  
  169  12:34  Archon x2  
  187  12:38  Fleet Beacon  
  187  12:49  Immortal (Chrono Boost)  
  191  12:52  Nexus  
  191  12:54  Stalker  
  182  13:02  Stalker  
  158  13:16  Zealot x9  
  176  13:24  Probe (Chrono Boost)  
  176  13:25  Probe (Chrono Boost)  
  178  13:30  Probe (Chrono Boost)  
  178  13:31  Probe (Chrono Boost)  
  173  13:34  Probe x2 (Chrono Boost)  
  173  13:38  Probe (Chrono Boost)  
  173  13:41  Probe (Chrono Boost)  
  174  13:42  High Templar x8  
  174  13:44  Probe (Chrono Boost)  
  174  13:47  Archon x3  
  190  13:51  Archon  
  178  13:57  Probe  
  178  13:58  Probe  
  178  14:00  Nexus  
  180  14:03  Zealot x3  
  180  14:04  Immortal (Chrono Boost)  
  181  14:15  Dark Templar x3  
  172  14:18  Probe  
  172  14:21  Probe  
  172  14:22  Probe x2  
  176  14:27  Archon  
  176  14:30  Probe  
  177  14:37  Immortal (Chrono Boost)  
  90  15:09  High Templar x4  
  90  15:10  High Templar x2  
  90  15:13  Immortal (Chrono Boost)  
  103  15:15  Archon  
  103  15:17  Probe (Chrono Boost)  
  103  15:18  Probe (Chrono Boost), Pylon  
  103  15:20  Probe (Chrono Boost)  
  110  15:22  Probe (Chrono Boost)  
  110  15:24  Zealot  
  110  15:28  Probe (Chrono Boost)  
  113  15:32  Probe (Chrono Boost)  
  113  15:33  Probe (Chrono Boost)  
  107  15:41  Archon  
  107  15:42  Stalker, Sentry, Immortal (Chrono Boost)  
  111  15:49  Probe  
  112  15:51  Probe  
  112  15:52  Probe  
  114  15:59  Stalker x2  
  115  16:09  Probe  
  107  16:14  Immortal (Chrono Boost)  
  107  16:16  Probe x3  
  107  16:18  Stalker x8  
  130  16:21  Probe  
  131  16:28  Probe  
  130  16:34  Dark Templar  
  122  16:55  Immortal (Chrono Boost)  
  126  17:08  Probe  
  127  17:10  Stalker x7  
  141  17:19  Probe, High Templar  
  141  17:20  Photon Cannon  
  144  17:25  Observer (Chrono Boost)  
  143  17:38  Immortal (Chrono Boost)  
  141  17:50  Probe  
  140  17:57  Nexus  
  140  17:58  High Templar  
  142  18:07  Immortal (Chrono Boost)  
  142  18:08  Zealot  
  148  18:33  Immortal (Chrono Boost)  
  148  18:34  Dark Templar  
  154  18:42  High Templar x4  
  162  18:51  Archon x2  
  161  19:09  Photon Cannon  
  161  19:15  Probe  
  149  19:30  Zealot x3, Dark Templar  
  149  19:31  Zealot, Immortal (Chrono Boost)  
  153  19:32  Dark Templar  
  153  19:35  Probe  
  153  19:37  Gateway  
  153  19:38  Gateway, Pylon  
  160  19:48  High Templar  
  162  19:57  Shield Battery  
  152  20:03  Immortal  
  114  20:24  Assimilator  
  114  20:26  Assimilator  
  114  20:30  Stalker x7  
  112  20:52  Stalker x2  
  112  20:53  Stalker x2  
  112  20:54  Zealot x4, Stalker  
  122  21:04  Photon Cannon  
  122  21:06  Shield Battery  
  112  21:22  Zealot x4  
  112  21:23  Zealot  
  112  22:00  Stalker x9  
Show
View Real Time Build Order
Export as new Build Order

AGOElazer Zerg 

Build Orders: Hatch First 

Get SALT Encoding   

  12  0:00  Drone  
  13  0:12  Overlord  
  13  0:17  Drone  
  14  0:30  Drone x2  
  16  0:50  Hatchery  
  16  0:52  Drone  
  16  0:57  Drone  
  17  1:00  Drone  
  18  1:10  Extractor  
  17  1:15  Spawning Pool  
  16  1:18  Drone  
  16  1:23  Drone  
  18  1:29  Drone  
  19  1:38  Drone  
  20  1:51  Hatchery  
  20  1:52  Drone  
  20  2:01  Queen  
  20  2:05  Zergling x2  
  23  2:08  Drone  
  23  2:13  Drone  
  25  2:18  Overlord  
  25  2:25  Queen  
  25  2:29  Drone  
  28  2:38  Drone x3  
  31  2:44  Queen  
  31  2:46  Zergling x2  
  34  2:52  Drone  
  34  2:53  Metabolic Boost  
  35  2:59  Overlord  
  35  3:02  Drone  
  35  3:03  Drone  
  36  3:07  Drone  
  36  3:09  Drone  
  38  3:13  Spore Crawler  
  38  3:16  Drone x2  
  38  3:19  Drone  
  40  3:24  Queen  
  42  3:27  Drone x2  
  42  3:28  Drone  
  45  3:36  Overlord  
  45  3:37  Queen  
  45  3:40  Drone  
  45  3:41  Drone  
  49  3:49  Overlord  
  49  3:50  Zergling x2  
  49  3:55  Zergling x12  
  56  3:59  Zergling x4  
  58  4:04  Spore Crawler  
  58  4:05  Drone  
  58  4:07  Overlord  
  58  4:08  Drone  
  59  4:14  Drone x3  
  59  4:16  Drone  
  63  4:20  Drone x2  
  62  4:33  Drone x6  
  62  4:37  Drone x3  
  66  4:41  Drone x3  
  63  4:49  Drone  
  63  4:50  Drone x3  
  63  4:51  Drone  
  67  4:53  Drone  
  68  5:03  Queen  
  68  5:04  Queen x2  
  68  5:06  Overlord  
  74  5:12  Overlord  
  74  5:17  Roach Warren  
  73  5:21  Spore Crawler  
  73  5:25  Drone x8  
  73  5:26  Hatchery, Overlord  
  79  5:31  Drone x3  
  79  5:32  Drone  
  79  5:34  Drone  
  84  5:37  Overlord x2  
  84  5:41  Extractor  
  83  5:44  Extractor  
  83  5:47  Drone x3  
  84  5:50  Drone x6  
  84  5:53  Extractor  
  84  5:56  Overlord  
  89  5:57  Lair  
  89  5:59  Evolution Chamber  
  89  6:00  Drone x3  
  89  6:02  Drone  
  92  6:07  Overlord  
  91  6:12  Extractor, Overlord  
  91  6:13  Zergling x6  
  91  6:14  Queen  
  91  6:15  Queen  
  97  6:19  Overlord  
  97  6:20  Drone x4  
  100  6:26  Overlord  
  100  6:27  Drone x3  
  100  6:31  Overlord  
  103  6:34  Drone x3  
  103  6:39  Overlord  
  106  6:41  Pneumatized Carapace  
  106  6:42  Roach x2  
  106  6:45  Roach x4  
  118  6:48  Roach x2  
  118  6:51  Zerg Missile Weapons Level 1  
  122  6:56  Roach x4  
  122  6:58  Glial Reconstitution  
  130  7:02  Queen x2  
  122  7:16  Overlord  
  122  7:18  Roach x9  
  135  7:24  Drone x7  
  135  7:28  Drone  
  135  7:29  Drone x3  
  145  7:30  Drone  
  145  7:33  Drone x3  
  145  7:36  Drone x3  
  152  7:40  Overlord, Infestation Pit  
  150  7:44  Overlord  
  150  7:50  Extractor  
  149  7:51  Extractor  
  149  7:52  Spore Crawler  
  149  7:54  Spore Crawler  
  146  7:58  Queen x2  
  146  7:59  Queen  
  146  8:00  Overlord  
  146  8:01  Overseer  
  146  8:03  Overseer  
  146  8:04  Roach x6  
  164  8:06  Overlord  
  164  8:11  Evolution Chamber  
  163  8:16  Drone x2  
  163  8:18  Hive  
  159  8:20  Drone x4  
  159  8:22  Drone x2  
  159  8:25  Hatchery  
  159  8:27  Drone x4  
  163  8:29  Spore Crawler  
  164  8:36  Zergling x2  
  164  8:37  Zergling x16  
  173  8:41  Extractor, Overlord  
  173  8:44  Overlord  
  173  8:45  Zerg Melee Weapons Level 1  
  173  8:46  Zerg Ground Armor Level 1  
  173  8:47  Zergling x2  
  173  8:56  Zergling x14  
  173  8:59  Ravager x3  
  182  9:03  Zergling x4  
  182  9:07  Overlord  
  182  9:17  Zergling x28  
  182  9:23  Overlord  
  196  9:25  Ravager x2  
  196  9:27  Zergling x4  
  186  9:40  Zergling x12  
  184  9:46  Zergling x22  
  184  9:50  Adrenal Glands  
  184  9:51  Drone  
  184  9:52  Ultralisk Cavern  
  182  9:55  Zergling x10  
  187  10:00  Overlord  
  187  10:02  Drone  
  187  10:04  Spire  
  187  10:06  Zergling x6  
  182  10:10  Drone x2  
  184  10:15  Drone x3  
  184  10:18  Drone  
  184  10:20  Drone  
  189  10:23  Drone  
  189  10:27  Spore Crawler  
  189  10:29  Spine Crawler  
  189  10:31  Hatchery, Spine Crawler, Overlord  
  189  10:32  Spine Crawler  
  189  10:33  Zergling x2  
  189  10:34  Zergling x6  
  189  10:35  Baneling Nest  
  188  10:39  Hatchery  
  188  10:41  Zergling x28  
  195  10:44  Overlord  
  195  10:46  Zergling x2  
  195  10:49  Chitinous Plating  
  193  10:53  Drone x4  
  193  10:56  Spine Crawler  
  196  10:57  Spine Crawler  
  196  11:02  Zerg Ground Armor Level 2, Zerg Melee Weapons Level 2  
  195  11:05  Zergling x8  
  191  11:20  Greater Spire  
  191  11:25  Centrifical Hooks  
  190  11:34  Corruptor x4  
  198  11:40  Baneling x18  
  198  11:43  Overseer  
  198  11:48  Zergling x2  
  198  11:50  Baneling x13  
  199  11:55  Baneling  
  199  11:56  Baneling x6  
  199  12:07  Anabolic Synthesis, Zergling x8  
  199  12:12  Baneling x7  
  197  12:22  Zergling x32  
  195  12:33  Baneling x14  
  195  12:41  Zergling x10  
  185  13:00  Ultralisk x2  
  185  13:01  Ultralisk x2  
  195  13:11  Zergling x2, Ultralisk  
  195  13:12  Zergling x32  
  199  13:15  Zergling x6  
  199  13:16  Zergling x14  
  199  13:33  Hatchery  
  198  13:34  Extractor  
  198  13:40  Overlord  
  197  13:42  Zerg Melee Weapons Level 3, Zerg Ground Armor Level 3  
  197  13:43  Zerg Flyer Weapons Level 1  
  197  13:45  Hatchery  
  197  13:47  Baneling x19  
  160  13:57  Zergling x24  
  172  14:11  Zergling x20  
  172  14:12  Zergling x4  
  178  14:17  Zergling x2  
  178  14:18  Zergling x12  
  178  14:22  Zergling x2  
  182  14:29  Ultralisk  
  174  14:40  Zergling x20  
  170  14:46  Zergling x14  
  170  14:52  Zergling x6  
  155  15:02  Overseer x2  
  146  15:08  Zergling x16  
  154  15:19  Drone x3  
  157  15:26  Hatchery  
  157  15:27  Ultralisk  
  154  15:40  Baneling x17  
  153  15:49  Viper x3  
  162  15:57  Ultralisk  
  155  16:11  Drone x2  
  155  16:12  Drone x2  
  155  16:16  Baneling x7  
  171  16:18  Ultralisk x2  
  171  16:24  Drone x5  
  173  16:29  Overseer  
  173  16:35  Overlord  
  166  16:47  Zergling x14  
  166  16:48  Zergling x2  
  166  16:52  Overlord  
  174  16:58  Overlord x2  
  173  17:10  Overseer  
  173  17:13  Overseer  
  173  17:15  Drone  
  174  17:21  Zergling x20  
  180  17:41  Zergling x10  
  185  17:47  Hatchery  
  185  17:51  Overlord x3  
  184  17:54  Baneling x17  
  184  17:55  Baneling x2  
  184  18:04  Zerg Flyer Armor Level 1  
  184  18:09  Queen x4  
  192  18:16  Zergling x2  
  192  18:17  Zergling x10  
  198  18:24  Overlord  
  198  18:25  Pathogen Glands  
  195  18:45  Burrow  
  195  18:54  Corruptor x2  
  199  18:58  Hatchery  
  192  19:16  Zergling x10  
  187  19:22  Neural Parasite  
  187  19:24  Corruptor x2  
  177  19:25  Brood Lord x4  
  188  19:37  Brood Lord x2  
  189  19:51  Overseer x3  
  189  19:52  Hatchery  
  162  20:14  Brood Lord x2  
  162  20:15  Corruptor  
  126  20:55  Hatchery  
  125  21:10  Brood Lord  
  127  21:15  Zergling x6  
  118  21:25  Infestor x2  
Tags
 
Add a new tag
Caveats
  • Supply blocks, unpowered buildings, or Contaminate may cause inaccurate times.
  • Supply counts are checked every 10 seconds.